 Dungeon Crawl Stone Soup version 0.21-a0-531-gacddea6 (webtiles) character file.

112 Amnesiac the Vexing (level 4, -2/44 HPs)
             Began as an Ogre Arcane Marksman on Dec 12, 2017.
             Killed from afar by an orc wizard (6 damage)
             ... with a magic dart
             ... on level 3 of the Dungeon.
             The game lasted 00:03:49 (2001 turns).

Amnesiac the Vexing (Ogre Arcane Marksman)          Turns: 2001, Time: 00:03:50

Health: -2/44      AC:  3    Str: 14    XL:     4   Next: 95%
Magic:  7/7        EV: 10    Int: 14    God:
Gold:   52         SH:  0    Dex: 10    Spells: 4/7 levels left

rFire    . . .     SeeInvis .   b - +2 spear (freeze)
rCold    . . .     Gourm    .   (no shield)
rNeg     . . .     Faith    .   n - +0 robe
rPois    .         Spirit   .   (helmet restricted)
rElec    .         Reflect  .   (no cloak)
rCorr    .         Harm     .   (gloves unavailable)
MR       .....                  (boots unavailable)
Stlth    +.........             (no amulet)
HPRegen  0.14/turn              (no ring)
MPRegen  0.10/turn              (no ring)

@: no status effects
A: large, unfitting armour, tough skin 1
a: no special abilities


You were on level 3 of the Dungeon.
You were very hungry.

You visited 1 branch of the dungeon, and saw 3 of its levels.

You collected 52 gold pieces.

Inventory:

Hand Weapons
 a - a +0 hunting sling
 b - a +2 spear of freezing (weapon)
Missiles
 c - 4 large rocks
 d - 3 throwing nets
 j - 29 stones (quivered)
 t - 8 needles of sleeping
Armour
 n - a +0 robe (worn)
Jewellery
 z - a cursed -5 ring of strength {unknown}
Scrolls
 g - a scroll of teleportation {!r, unknown}
 h - 7 scrolls of identify {!r}
 k - a scroll of enchant armour {!r, unknown}
 m - a scroll of random uselessness {!r, unknown}
 u - a scroll of magic mapping {!r, unknown}
 y - a scroll of immolation {!r, unknown}
Potions
 e - a potion of ambrosia {!q, unknown}
 l - a potion of might {!q, unknown}
 o - 2 potions of curing {!q, unknown}
 p - a potion of invisibility {!q, unknown}
 q - a potion of magic {!q, unknown}
 r - a potion of berserk rage {!q, unknown}
 s - a potion of haste {!q, unknown}
 w - 2 potions of heal wounds {!q}
 x - a potion of brilliance {!q, unknown}
Books
 i - a book of Debilitation

   Spells                             Type                      Level
   a - Corona                         Hexes                        1
   b - Slow                           Hexes                        2
   c - Inner Flame                    Hexes/Fire                   3
   d - Portal Projectile              Hexes/Translocation          3
   e - Cause Fear                     Hexes                        4
   f - Leda's Liquefaction            Hexes/Earth                  4
Comestibles
 f - 3 bread rations
 v - a royal jelly


   Skills:
 + Level 2.6 Fighting
 * Level 3.2 Throwing
 - Level 1.7 Dodging
 + Level 2.1 Spellcasting
 * Level 3.6 Hexes


You had 4 spell levels left.
You knew the following spells:

 Your Spells              Type           Power        Failure   Level  Hunger
a - Corona                Hex            ##.....      5%          1    #......
e - Slow                  Hex            ##......     8%          2    ###....


Dungeon Overview and Level Annotations

Branches:
Dungeon (3/15)

Altars:


Innate Abilities, Weirdness & Mutations

You are too large for most types of armour.
You have tough skin. (AC +1)


Message History

The magic dart hits you!
You closely miss the orc. The orc barely misses you.
You hit the orc but do no damage. The orc barely misses you.
You hit the orc. You freeze the orc.
The orc is moderately wounded.
The orc hits you but does no damage.
You puncture the orc! You freeze the orc.
You kill the orc!
You hit the orc. You freeze the orc.
The orc is severely wounded.
The orc barely misses you.
You puncture the orc! You freeze the orc.
You kill the orc!
The orc wizard casts a spell at you. The puff of frost hits you!
Attack whom?
Press: ? - help, Dir - move target cursor, f - orc wizard
Aim: an orc wizard, wielding a dagger and wearing a runed robe (unusually agile)
You reach to attack!
You puncture the orc wizard! You freeze the orc wizard.
The orc wizard is severely wounded.
You barely miss the orc wizard.
The orc wizard is severely wounded.
The orc wizard mumbles some strange words.
The orc wizard seems to speed up.
You miss the orc wizard.
The orc wizard is severely wounded.
The orc wizard hits you with a dagger.
You miss the orc wizard.
The orc wizard is severely wounded.
The orc wizard barely misses you. The orc wizard hits you with a dagger.
* * * LOW HITPOINT WARNING * * *
You completely miss the orc wizard.
The orc wizard is severely wounded.
The orc wizard hits you with a dagger.
* * * LOW HITPOINT WARNING * * *
The orc wizard hits you with a dagger.
* * * LOW HITPOINT WARNING * * *
You miss the orc wizard.
The orc wizard is severely wounded.
The orc wizard hits you but does no damage.
You hit the orc wizard.
The orc wizard is severely wounded.
The orc wizard completely misses you. The orc wizard hits you with a dagger.
* * * LOW HITPOINT WARNING * * *
You barely miss the orc wizard.
The orc wizard is severely wounded.
The orc wizard hits you with a dagger.
* * * LOW HITPOINT WARNING * * *
The orc wizard casts a spell at you. The puff of flame hits you!
* * * LOW HITPOINT WARNING * * *
You are too injured to fight recklessly!
You are too injured to fight recklessly!
You are too injured to fight recklessly!
You barely miss the orc wizard.
The orc wizard is severely wounded.
The orc wizard hits you but does no damage.
You closely miss the orc wizard.
The orc wizard is severely wounded.
The orc wizard hits you with a dagger.
* * * LOW HITPOINT WARNING * * *
The orc wizard casts a spell at you. The magic dart hits you!
You die...

### #..... ###
#.....##..
#.....##.#######
#.....##...#..<#
#..............#
+.......>..#.#.#
#........#.#.#@#
#........#.#.#o#
#........#o..#.#
###..........#...#
..........##o#.###
.......o(.)..#.#
......(...####.#
....####### #+#
....#


You could see an orc wizard.

Vanquished Creatures
  A crimson imp (D:2)
  2 adders
  An ooze (D:2)
  A dart slug (D:1)
  3 leopard geckos
  3 orcs (D:3)
  4 bats
  5 giant cockroaches
  11 goblins
  5 hobgoblins
  3 kobolds
  6 rats
45 creatures vanquished.

Notes
Turn   | Place    | Note
-------+----------+-------------------------------------------
     0 | D:1      | Amnesiac the Ogre Arcane Marksman began the quest for the Orb.
     0 | D:1      | Reached XP level 1. HP: 19/19 MP: 2/2
   450 | D:1      | Reached XP level 2. HP: 24/27 MP: 2/4
   454 | D:1      | Learned a level 2 spell: Slow
  1108 | D:2      | Reached XP level 3. HP: 34/35 MP: 3/5
  1271 | D:2      | Reached XP level 4. HP: 31/44 MP: 3/7
  2001 | D:3      | Killed from afar by an orc wizard

Vault maps used:
D:1:      lightli_arrival_noodles
D:2:      kennysheep_the_goblin_king

Skill      XL: |  1  2  3 |
---------------+----------+-----
Hexes          | 3 |  3.6
Fighting       | 2 |  2.6
Throwing       | 3 |  3.2
Spellcasting   | 2 |  2.1
Dodging        | |  1.7

Action                   |  1- 3 |  4- 6 || total
-------------------------+-------+-------++-------
Melee: Unarmed           |    10 |       ||    10
       Spear             |    47 |    57 ||   104
       Club              |     4 |       ||     4
 Fire: Hunting sling     |     9 |       ||     9
Throw: Large rock        |     8 |       ||     8
       Stone             |    10 |    15 ||    25
 Cast: Corona            |    27 |       ||    27
  Use: Scroll            |       |     1 ||     1
  Eat: Chunk             |     2 |     1 ||     3
Armor: Robe              |     9 |     9 ||    18
Dodge: Dodged            |    34 |    17 ||    51

Table legend:
 A = Spawn XP
 B = Non-spawn XP
 C = Spawn XP percentage of total XP
 D = Spawn monster count
 E = Non-spawn monster count
 F = Spawn count percentage of total count
 G = Total turns spent on level
                    A         B        C        D         E        F      G
               +---------+---------+-------+---------+---------+-------+---------
         Total |       0 |     161 |   0.0 |       0 |      45 |   0.0 |  2001
               +---------+---------+-------+---------+---------+-------+---------
           D:1 |       0 |      31 |   0.0 |       0 |      18 |   0.0 |  1031
           D:2 |       0 |     103 |   0.0 |       0 |      21 |   0.0 |   849
           D:3 |       0 |      27 |   0.0 |       0 |       6 |   0.0 |   121
               +---------+---------+-------+---------+---------+-------+---------
